 Dungeon Crawl Stone Soup version 0.20.1-1-g8b1a95d66d (webtiles) character file.

4178 Jerry the Grappler (level 10, 0/97 HPs)
             Began as a Troll Transmuter on Nov 20, 2017.
             Was a Believer of Yredelemnul.
             Slain by a hornet (11 damage)
             ... on level 9 of the Dungeon.
             The game lasted 00:26:55 (6906 turns).

Jerry the Grappler (Troll Transmuter)               Turns: 6906, Time: 00:26:56

Health: 0/97       AC:  5    Str: 22    XL:     10   Next: 8%
Magic:  12/12      EV: 12    Int: 12    God:    Yredelemnul [**....]
Gold:   648        SH:  0    Dex: 10    Spells: 6/11 levels left

rFire    . . .     SeeInvis .     - Unarmed
rCold    . . .     Gourm    +   (no shield)
rNeg     . . .     Faith    .   b - +0 robe
rPois    +         Spirit   .   (helmet restricted)
rElec    .         Reflect  .   (no cloak)
rCorr    .         Harm     .   (gloves unavailable)
MR       .....                  (boots unavailable)
Stlth    +.........             (no amulet)
Regen    0.7/turn               A - ring of poison resistance
MPRegen  0.2/turn               D - +2 ring of strength

@: slowed, very slow
A: unfitting armour, claws 3, fast metabolism 3, gourmand, regeneration 1,
shaggy fur 1, tough skin 2
a: Animate Remains, Recall Undead Slaves, Injury Mirror, Renounce Religion


You were on level 9 of the Dungeon.
You worshipped Yredelemnul.
Yredelemnul was pleased with you.
You were not hungry.

You visited 2 branches of the dungeon, and saw 10 of its levels.

You collected 648 gold pieces.

Inventory:

Missiles
 a - 119 arrows
Armour
 b - a +0 robe (worn)
Jewellery
 A - a ring of poison resistance (left claw)
 D - a +2 ring of strength (right claw)
Wands
 r - a wand of scattershot (6/9)
 s - a wand of flame (48/48)
 t - a wand of flame (30/48)
 w - a wand of confusion (41/48)
Scrolls
 g - a scroll of magic mapping
 h - 5 scrolls of remove curse
 j - a scroll of recharging
 m - a scroll of holy word {unknown}
 u - 2 scrolls of amnesia
 x - 2 scrolls of teleportation
 F - a scroll of identify
Potions
 e - a potion of ambrosia
 l - a potion of heal wounds
 n - a potion of mutation {unknown}
 q - 2 potions of magic
 v - a potion of lignification {unknown}
 B - a potion of invisibility {unknown}
 C - a potion of cancellation {unknown}
 G - a potion of might {unknown}
Books
 c - a book of Changes

   Spells                             Type                      Level
   a - Beastly Appendage              Transmutation                1
   b - Sticks to Snakes               Transmutation                2
   c - Spider Form                    Transmutation/Poison         3
   d - Ice Form                       Ice/Transmutation            4
   e - Blade Hands                    Transmutation                5
 k - a book of Minor Magic

   Spells                             Type                      Level
   a - Magic Dart                     Conjuration                  1
   b - Blink                          Translocation                2
   c - Call Imp                       Summoning                    2
   d - Slow                           Hexes                        2
   e - Conjure Flame                  Conjuration/Fire             3
   f - Mephitic Cloud                 Conjuration/Poison/Air       3
 y - a book of Necromancy

   Spells                             Type                      Level
   a - Pain                           Necromancy                   1
   b - Animate Skeleton               Necromancy                   1
   c - Vampiric Draining              Necromancy                   3
   d - Regeneration                   Charms/Necromancy            3
   e - Animate Dead                   Necromancy                   4
   f - Control Undead                 Necromancy                   4
Comestibles
 d - 11 bread rations
 f - 5 royal jellies
 i - 5 meat rations
 o - 2 fruits


   Skills:
 + Level 5.6 Fighting
 + Level 5.6 Dodging
 * Level 9.7 Unarmed Combat
 - Level 1.2 Spellcasting
 - Level 3.0 Transmutations
 + Level 4.7 Invocations


You had 6 spell levels left.
You knew the following spells:

 Your Spells              Type           Power        Failure   Level  Hunger
a - Beastly Appendage     Tmut           #.....       9%          1    ##.....
b - Ice Form              Ice/Tmut       #.......     83%         4    #####..


Dungeon Overview and Level Annotations

Branches:
Dungeon (9/15)             Temple (1/1) D:4
   Lair: D:8-11         Orc: D:9-12

Altars:
Ashenzari
Cheibriados
Dithmenos
Elyvilon
Fedhas
Gozag
Hepliaklqana
Kikubaaqudgha
Makhleb
Nemelex Xobeh
Okawaru
Qazlal
Ru
Sif Muna
Trog
Uskayaw
Vehumet
Xom
Yredelemnul
Zin
The Shining One

Annotations:
D:9 1 runed door, 2 transporters


Innate Abilities, Weirdness & Mutations

You are too large for most types of armour.
You have claws for hands.
Your metabolism is lightning-fast.
You like to eat raw meat.
Your natural rate of healing is unusually fast.
You are covered in fur. (AC +1)
You have very tough skin. (AC +2)


Message History

You barely miss the hornet.
The hornet is moderately wounded.
You feel sick. The hornet stings you!
* * * LOW HITPOINT WARNING * * *
Your acid dragon zombie misses the hornet.
Your acid dragon zombie claws the hornet.
The hornet closely misses you.
You claw the hornet!
The hornet is severely wounded.
You feel sick. The hornet stings you!
* * * LOW HITPOINT WARNING * * *
You are lethally poisoned!
Your acid dragon zombie closely misses the hornet. x2
The hornet stings you!
* * * LOW HITPOINT WARNING * * *
You feel better. The hornet closely misses you.
Your acid dragon zombie closely misses the hornet. x2
The hornet stings you!
You die...
Your body rises from the dead as a mindless zombie.

#.............# #8.# #....
#..._.........# +..######....
#.............# #8...........
#.......####..#####............
#.......# ##.......#'##.......
#..###### #.......#..###'###.
#..# ##.......#........#. #..#
#........#.......##. ###.##
#..@y....##......#.. ....#
###..Z......#......#.. ....#
#...........#......#..
....########...#######.#......#..
#..............# .########..
#............### ...........
#............# ...........
#............# #...........
#............#########..########.


You could see a hornet and a friendly acid dragon zombie.

Vanquished Creatures
  Grinder (D:5)
  A hippogriff (D:8)
  Prince Ribbit (D:5)
  Sigmund (D:5)
  A spriggan (D:7)
  An acid dragon (D:9)
  An ice beast (D:8)
  A sky beast (D:6)
  5 orc warriors
  3 ogres
  A phantom (D:4)
  3 centaurs
  A crocodile (D:6)
  A gnoll sergeant (D:7)
  5 bullfrogs
  2 scorpions
  2 killer bees (D:8)
  3 howler monkeys
  2 crimson imps
  A quasit (D:6)
  A bullfrog zombie (D:8)
  8 orc priests
  6 hounds
  An iguana (D:8)
  Jessica (D:3)
  Ijyb (D:3)
  An orc wizard (D:5)
  5 worker ants
  A howler monkey skeleton (D:5)
  7 adders
  8 gnolls
  3 shadow imps
  2 oozes
  An adder skeleton (D:9)
  An adder zombie (D:5)
  5 worms
  2 dart slugs
  8 leopard geckos
  33 orcs
  7 bats
  5 giant cockroaches
  9 goblins
  12 hobgoblins
  13 jackals
  6 kobolds
  4 quokkas
  A ball python (D:3)
  3 frilled lizards
  A jackal skeleton (D:4)
  A leopard gecko skeleton (D:5)
  A quokka zombie (D:5)
  5 rats
200 creatures vanquished.

Vanquished Creatures (collateral kills)
  An ogre (D:8)
  A killer bee (D:8)
  A jelly (D:6)
  3 orcs
6 creatures vanquished.

Vanquished Creatures (others)
  An adder zombie (D:8)
  A gnoll zombie (D:7)
  An orc zombie (D:7)
3 creatures vanquished.

Grand Total: 209 creatures vanquished

Notes
Turn   | Place    | Note
-------+----------+-------------------------------------------
     0 | D:1      | Jerry the Troll Transmuter began the quest for the Orb.
     0 | D:1      | Reached XP level 1. HP: 18/18 MP: 1/1
     7 | D:1      | Reached skill level 1 in Fighting
   175 | D:1      | Reached XP level 2. HP: 27/27 MP: 0/2
   612 | D:2      | Reached XP level 3. HP: 24/33 MP: 1/3
   689 | D:2      | Found a faded altar of an unknown god.
   878 | D:2      | Reached XP level 4. HP: 41/41 MP: 4/4
  1296 | D:3      | Noticed Jessica
  1313 | D:3      | Killed Jessica
  1313 | D:3      | Reached skill level 4 in Unarmed Combat
  1359 | D:3      | Found a burning altar of Makhleb.
  1362 | D:3      | Reached XP level 5. HP: 49/49 MP: 5/5
  1670 | D:3      | Noticed Ijyb
  1679 | D:3      | Killed Ijyb
  2062 | D:4      | Reached XP level 6. HP: 42/57 MP: 6/6
  2174 | D:3      | Reached skill level 5 in Unarmed Combat
  2497 | D:4      | Learned a level 4 spell: Ice Form
  2500 | D:4      | Found a staircase to the Ecumenical Temple.
  2529 | D:4      | Reached XP level 7. HP: 61/66 MP: 4/7
  2560 | Temple   | Entered the Ecumenical Temple
  2770 | Temple   | Became a worshipper of Yredelemnul the Dark
  2903 | D:4      | Reached skill level 6 in Unarmed Combat
  3074 | D:4      | Found a bloodstained altar of Trog.
  3124 | D:4      | Found a stormy altar of Qazlal.
  3186 | D:5      | Entered Level 5 of the Dungeon
  3271 | D:5      | Noticed Sigmund
  3332 | D:5      | Killed Sigmund
  3332 | D:5      | Reached skill level 1 in Invocations
  3455 | D:5      | Reached XP level 8. HP: 66/75 MP: 8/8
  3529 | D:5      | Noticed Prince Ribbit
  3616 | D:5      | Reached * piety under Yredelemnul
  3703 | D:5      | Noticed Grinder
  3703 | D:5      | Paralysed by Grinder for 7 turns
  3720 | D:5      | Killed Grinder
  3720 | D:5      | Reached skill level 7 in Unarmed Combat
  3771 | D:5      | Found a shadowy altar of Dithmenos.
  3848 | D:5      | Killed Prince Ribbit
  4494 | D:6      | Reached skill level 8 in Unarmed Combat
  4494 | D:6      | Reached XP level 9. HP: 68/85 MP: 10/10
  4915 | D:6      | Found a deep blue altar of Sif Muna.
  5125 | D:7      | Reached ** piety under Yredelemnul
  5284 | D:7      | Reached skill level 5 in Dodging
  5318 | D:7      | Found a snail-covered altar of Cheibriados.
  5423 | D:7      | Found an ancient bone altar of Kikubaaqudgha.
  5483 | D:7      | Reached skill level 9 in Unarmed Combat
  5549 | D:7      | Got a transparent trident
  5550 | D:7      | Identified the +3 trident "Tehudoa" {holy, MP+9} (You found it on level 7 of the Dungeon)
  5665 | D:8      | Reached skill level 5 in Fighting
  6394 | D:8      | Found a sparkling altar of Nemelex Xobeh.
  6398 | D:8      | Found a burning altar of Makhleb.
  6511 | D:8      | Reached XP level 10. HP: 88/96 MP: 12/12
  6520 | D:8      | Found an iron altar of Okawaru.
  6729 | D:9      | Found a runed door.
  6740 | D:9      | Found an opulent altar of Gozag.
  6798 | D:9      | Found a transporter.
  6800 | D:9      | Found a transporter.
  6800 | D:9      | Noticed a centaur warrior
  6802 | D:9      | Noticed a centaur warrior
  6840 | D:9      | Found a blossoming altar of Fedhas.
  6905 | D:9      | HP: 2/97 [hornet (8)]
  6906 | D:9      | Slain by a hornet

Skill      XL: |  1  2  3  4  5  6  7  8  9 |
---------------+----------------------------+-----
Fighting       | 1 2 3 4 5 |  5.6
Dodging        | 2 3 4 5 |  5.6
Unarmed Combat | 4 5 6 8 9 |  9.7
Transmutations | 2 3 |  3.0
Invocations    | 1 3 4 |  4.7
Spellcasting   | |  1.2

Action                   |  1- 3 |  4- 6 |  7- 9 | 10-12 || total
-------------------------+-------+-------+-------+-------++-------
Melee: Unarmed           |    85 |   177 |   353 |    32 ||   647
       Punch             |     4 |     1 |    12 |       ||    17
       Kick              |     5 |     1 |     4 |       ||    10
       Headbutt          |       |       |     3 |       ||     3
 Cast: Beastly Appendage |    10 |     2 |     4 |       ||    16
Invok: Animate Remains   |       |       |    15 |     2 ||    17
  Use: Scroll            |       |       |    16 |     1 ||    17
       Potion            |       |       |       |     1 ||     1
 Stab: Sleeping          |       |     2 |     2 |       ||     4
  Eat: Chunk             |    14 |    15 |    40 |       ||    69
Armor: Robe              |    29 |    56 |    60 |     4 ||   149
Dodge: Dodged            |    33 |    92 |   147 |    13 ||   285
